 Dungeon Crawl Stone Soup version 0.17-a0-1397-g0eee0a3 (webtiles) character file.

178 bal the Insei (level 5, 0/28 HPs)
             Began as a Vine Stalker Monk on June 17, 2015.
             Was a Believer of Qazlal.
             Slain by an iguana (9 damage)
             ... on level 4 of the Dungeon.
             The game lasted 00:07:24 (2417 turns).

bal the Insei (Vine Stalker Monk)                   Turns: 2417, Time: 00:07:24

Health: 0/28       AC:  2    Str: 14    XL:     5   Next: 58%
Magic:  0/6        EV: 14    Int: 10    God:    Qazlal [**....]
Gold:   164        SH:  2    Dex: 17    Spells: 0 memorised, 4 levels left

rFire  . . .     SeeInvis .     c - +1 short sword (flame)
rCold  . . .     Clarity  +     a - +0 robe
rNeg   . . .     SustAt   .     (no shield)
rPois  .         Gourm    .     (no helmet)
rElec  .         Spirit   +     (no cloak)
rCorr  .         Warding  .     (no gloves)
rMut   .         Stasis   .     (no boots)
MR     .....                    t - amulet of clarity
Stlth  ++........               (no ring)
                                q - ring of invisibility

@: not resistant to hostile enchantments, unstealthy
A: fangs 2, regeneration 1, magic shield, antimagic bite, no device heal 3, rot
immunity
a: Upheaval, Renounce Religion, Evoke Invisibility


You were on level 4 of the Dungeon.
You worshipped Qazlal.
Qazlal was pleased with you.
You were not hungry.

You visited 1 branch of the dungeon, and saw 4 of its levels.

You collected 164 gold pieces.

Inventory:

Hand weapons
 c - a +1 short sword of flaming (weapon)
Missiles
 f - 14 tomahawks (quivered)
Armour
 a - a +0 robe (worn)
Jewellery
 k - a cursed ring of teleportation
 q - a ring of invisibility (left hand)
 t - an amulet of clarity (around neck)
Scrolls
 d - a scroll of teleportation {unknown}
 g - a scroll of identify
 j - a scroll of remove curse {unknown}
Potions
 e - a potion of brilliance
 h - a potion of curing
Comestibles
 b - 2 bread rations
 i - a royal jelly
 l - 3 chunks of flesh
 n - 2 slices of pizza


   Skills:
 + Level 3.3 Fighting
 + Level 1.2 Short Blades
 + Level 1.1 Throwing
 + Level 3.4 Dodging
 + Level 3.2 Stealth
 + Level 4.6 Unarmed Combat


You had 4 spell levels left.
You didn't know any spells.

Dungeon Overview and Level Annotations

Branches:
Dungeon (4/15)
 Temple: D:4-7

Altars:
Elyvilon
Qazlal
Trog
Vehumet
The Shining One

Shops:
D:4 *


Innate Abilities, Weirdness & Mutations

You have extremely sharp teeth.
Your natural rate of healing is unusually fast.
When hurt, damage is shared between your health and your magic reserves.
Your bite disrupts and absorbs the magic of your enemies.
Potions and wands cannot restore your health.
You are immune to rotting.


Message History

You kill the hobgoblin!
Qazlal accepts your kill.
You see here a hobgoblin corpse.
You butcher the hobgoblin corpse.
l - 3 chunks of flesh You hear an angry hiss.
An iguana comes into view.
You barely miss the iguana. Your bite misses the iguana. The iguana bites you!
You barely miss the iguana. Your bite misses the iguana.
The iguana completely misses you.
You hit the iguana but do no damage. You bite the iguana, but do no damage.
The iguana bites you.
You barely miss the iguana. Your punch misses the iguana.
The iguana barely misses you.
You hit the iguana but do no damage. You bite the iguana, but do no damage.
The iguana bites you!
You hit the iguana. You burn the iguana. Your bite misses the iguana.
The iguana is moderately wounded.
The iguana bites you!
You die...

#.......##.#.#.###............
#.......###...## ####.#...#.##
#.......# ##..# #.........
######### ##.# #.#...#..# #.#
#.#...#..# #.# #......... #.#
#.#####..# ...#####.# #.
###..# ........@# ...(..
...#####.l....# ##### #.####.#
..##### #.. #...... #...
###.... #.... ##... #...##
##.. #.... ##. ##


You could see an iguana.

Vanquished Creatures
  A centaur skeleton (D:3)
  A worker ant (D:3)
  Jessica (D:2)
  4 adders
  2 worms
  3 giant geckos (D:3)
  5 orcs (D:3)
  3 giant cockroaches
  6 goblins
  4 hobgoblins
  5 kobolds
  2 quokkas (D:3)
  5 bats
  2 giant newts
  8 rats
52 creatures vanquished.

Notes
Turn   | Place    | Note
--------------------------------------------------------------
     0 | D:1      | bal the Vine Stalker Monk began the quest for the Orb.
     0 | D:1      | Reached XP level 1. HP: 11/11 MP: 2/2
   469 | D:1      | Reached XP level 2. HP: 16/16 MP: 3/3
  1107 | D:2      | Noticed Jessica
  1116 | D:2      | Killed Jessica
  1116 | D:2      | Reached XP level 3. HP: 2/20 MP: 1/4
  1253 | D:2      | Found a white marble altar of Elyvilon.
  1260 | D:2      | Reached XP level 4. HP: 24/24 MP: 5/5
  1741 | D:3      | Reached skill level 1 in Short Blades
  1741 | D:3      | Reached XP level 5. HP: 25/28 MP: 6/6
  1949 | D:3      | Found a glowing golden altar of the Shining One.
  1957 | D:3      | Found a radiant altar of Vehumet.
  1960 | D:3      | Found a bloodstained altar of Trog.
  1961 | D:3      | Found a stormy altar of Qazlal.
  1979 | D:3      | Became a worshipper of Qazlal Stormbringer
  1979 | D:3      | Acquired Qazlal's first power
  1979 | D:3      | Acquired Qazlal's second power
  2028 | D:3      | Reached skill level 1 in Throwing
  2365 | D:4      | Found Liul's General Store.
  2417 | D:4      | Slain by an iguana

Vault maps used:
D:1:      scummos_arrival_star
D:2:      old_standard_altar, uniq_jessica
D:3:      minitemple
D:4:      serial_shops, shop_fountains, shop,
          nicolae_shop_temple_entry_statues_fountains, nrook_mini_backslash,
          serial_bayou_lagoon_a

Action                   |  1- 3 |  4- 6 || total
-------------------------+-------+-------++-------
Melee: Short sword       |    51 |    85 ||   136
Throw: Tomahawk          |     4 |     8 ||    12
  Use: Scroll            |     2 |     6 ||     8
       Potion            |     2 |     4 ||     6
 Stab: Sleeping          |     1 |     5 ||     6
  Eat: Chunk             |     1 |     1 ||     2
       Beef jerky        |       |     1 ||     1
       Meat ration       |       |     1 ||     1
